 Dungeon Crawl Stone Soup version 0.30-a0-956-gcec3b41aec (webtiles) character file.

Game seed: 7286966200502975098

104 oldriver the Chopper (level 4, -4/28 HPs)
             Began as a Gargoyle Fighter on Mar 30, 2023.
             Slain by a gnoll
             ... wielding a +0 spear
              (6 damage)
             ... on level 3 of the Dungeon.
             The game lasted 00:01:30 (1882 turns).

oldriver the Chopper (Gargoyle Fighter)             Turns: 1882, Time: 00:01:30

Health: -4/28      AC: 11    Str: 22    XL:     4   Next: 80%
Magic:  4/4        EV:  9    Int:  8    God:
Gold:   250        SH:  4    Dex:  9    Spells: 3/3 levels left

rFire   . . .      SeeInvis .    a - +0 war axe
rCold   . . .      Faith    .    c - +0 buckler
rNeg    + . .      Spirit   .    b - +0 scale mail
rPois   ∞          Reflect  .    (no helmet)
rElec   +          Rampage  .    (no cloak)
rCorr   .                        (no gloves)
Will    .....                    h - +0 pair of boots Stlth
                                 (no amulet)
HPRegen 0.24/turn                k - ring of wizardry
MPRegen 0.09/turn                (no ring)

@: mighty
A: sickness immunity, AC +3, negative energy resistance 1, electricity
resistance, torment resistance 1, petrification resistance
a: no special abilities


You were on level 3 of the Dungeon.
You visited 1 branch of the dungeon, and saw 3 of its levels.

You collected 250 gold pieces.

Inventory:

Hand Weapons
 a - a +0 war axe (weapon)
Armour
 b - a +0 scale mail (worn)
 c - a +0 buckler (worn)
 h - a +0 pair of boots (worn)
Jewellery
 k - a ring of wizardry (left hand)
 m - a ring of flight
Scrolls
 f - 6 scrolls of identify {unknown}
 g - a scroll of fear {unknown}
 i - a scroll of enchant weapon {unknown}
Potions
 e - a potion of attraction {unknown}


   Skills:
 - Level 3.2 Fighting
 * Level 4.4 Axes
 - Level 3.2 Armour
 - Level 3.2 Shields


You had 3 spell levels left.
You didn't know any spells.
Your spell library was empty.

Dungeon Overview and Level Annotations

Branches:
Dungeon (3/15)

Altars:


Innate Abilities, Weirdness & Mutations

You are immune to sickness and miasma.
Your stone body is resilient. (AC +3)
You are immune to poison.
You resist negative energy. (rN+)
You are resistant to electric shocks. (rElec)
You are resistant to unholy torment.
You are immune to petrification.


Message History

The gnoll hits you but does no damage. The gnoll hits you with a +0 spear.
The adder bites you but does no damage.
You closely miss the gnoll.
The gnoll is almost dead.
You closely miss the adder. The gnoll hits you but does no damage.
An endoplasm comes into view.
The gnoll barely misses you. You block the adder's attack.
The gnoll hits you from afar with a +0 spear.
The gnoll hits you but does no damage. x2
You closely miss the gnoll.
The gnoll is almost dead.
You hit the adder. You barely miss the gnoll.
The gnoll is no longer blind.
The adder bites you but does no damage. x2
The gnoll hits you from afar with a +0 spear.
* * * LOW HITPOINT WARNING * * *
The gnoll hits you but does no damage.
Sorry, you're not good enough to have a special ability.
You feel very mighty all of a sudden. The adder barely misses you.
The gnoll hits you from afar with a +0 spear.
* * * LOW HITPOINT WARNING * * *
You block the gnoll's attack. The gnoll hits you but does no damage.
The adder closely misses you.
Unknown command.
You hit the gnoll.
You kill the gnoll!
You hit the gnoll. You miss the adder. The gnoll hits you but does no damage.
You block the gnoll's attack. The adder misses you.
Unknown command.
You closely miss the gnoll.
The gnoll is moderately wounded.
You slash the dart slug!
You kill the dart slug!
You slash the adder!
You kill the adder!
The gnoll hits you from afar with a +0 spear.
* * * LOW HITPOINT WARNING * * *
The gnoll hits you but does no damage.
The gnoll hits you from afar with a +0 spear.
You die...

##.......# ........#
#.......# #.......#
#....(..#
###....(.g##.##
......†gJ......
#######@####.#
..........##.#
.........[##.#
........).##.#
.........###.####
................#
.........#.#.####
.........#.#.#
.........#.#.######.#


You could see 2 gnolls and an endoplasm.

Vanquished Creatures
  2 gnolls (D:3)
  4 adders
  3 worms (D:2)
  2 dart slugs
  An orc (D:3)
  4 endoplasms
  A giant cockroach (D:2)
  2 hobgoblins (D:1)
  2 jackals (D:2)
  3 quokkas
  5 ball pythons
  7 bats
  5 frilled lizards
  A goblin (D:1)
  5 kobolds
  3 rats (D:1)
50 creatures vanquished.

Notes
Turn   | Place    | Note
-------+----------+-------------------------------------------
     0 | D:1      | oldriver the Gargoyle Fighter began the quest for the Orb.
     0 | D:1      | Reached XP level 1. HP: 14/14 MP: 1/1
   116 | D:1      | Reached skill level 2 in Axes
   179 | D:1      | Reached XP level 2. HP: 19/19 MP: 2/2
   202 | D:1      | Found a faded altar of an unknown god.
   493 | D:1      | Reached skill level 3 in Axes
   502 | D:1      | Reached XP level 3. HP: 19/23 MP: 3/3
  1319 | D:2      | Reached XP level 4. HP: 28/28 MP: 4/4
  1422 | D:2      | Reached skill level 4 in Axes
  1882 | D:3      | Slain by a gnoll

Illustrated notes

Levels and vault maps discovered:
D:1:      dpeg_arrival_houses_and_road, layout_loops_ring,
          basic_ecumenical_altar
D:2:      layout_loops_corners, dreamdust_wishing_well, grunt_ministairs_8,
          st_stairs_6, hangedman_decor_diamond_cutter
D:3:      layout_basic

Skill      XL: |  1  2  3  4 |
---------------+-------------+-----
Axes           | 2 3 4 |  4.4
Fighting       | |  3.2
Armour         | |  3.2
Shields        | |  3.2

Action                     |  1- 3 |  4- 6 || total
---------------------------+-------+-------++-------
  Melee: War axe           |    95 |    39 ||   134
  Throw: Stone             |       |    14 ||    14
         Dart              |       |     2 ||     2
    Use: Potion            |       |     1 ||     1
 Armour: Scale mail        |    61 |    28 ||    89
  Dodge: Dodged            |    55 |    23 ||    78
  Block: Buckler           |    20 |    11 ||    31

Table legend: (Time is in decaauts)
 A = Elapsed time spent in this place.
 B = Non-inter-level travel time spent in this place.
 C = Inter-level travel time spent in this place.
 D = Time resting spent in this place.
 E = Time spent auto-exploring this place.
 F = Levels seen in this place.
 G = Mean time per level.
                   A        B        C        D        E       F      G
               +--------+--------+--------+--------+--------+-----+--------+
         Total |   1934 |   1870 |     64 |      0 |   1517 |   3 |  644.7 |
       Dungeon |   1934 |   1870 |     64 |      0 |   1517 |   3 |  644.7 |
               +--------+--------+--------+--------+--------+-----+--------+

Top non-repeatable levels by time:
     D:2: 1010 daAuts
     D:1: 739 daAuts
     D:3: 183 daAuts
